Map: Dusk Towers

Players

Chiprolius

  • Race: Terran Terran
  • League: Platinum

LilDicky - Winner!

  • Race: Terran Terran
  • League: Diamond

VOD

http://www.twitch.tv/tumescentpie

Description

Time

  • Played on: Dec. 10, 2015, 5:38 p.m.
  • Length: 11:31
Show
View Real Time Build Order
Export as new Build Order

Chiprolius Terran 

Build Orders: Bio Tank, MMM Bio 

Get SALT Encoding   

  12  0:01  SCV  
  13  0:13  SCV  
  14  0:18  Supply Depot  
  14  0:25  SCV  
  15  0:37  Refinery  
  15  0:40  SCV  
  16  0:44  Barracks  
  16  0:52  SCV  
  18  1:04  SCV  
  18  1:16  SCV  
  19  1:28  SCV  
  19  1:31  Reaper  
  21  1:40  Orbital Command  
  21  2:04  Supply Depot, Reaper  
  21  2:07  SCV  
  23  2:11  Command Center  
  23  2:23  Barracks  
  23  2:25  SCV  
  23  2:29  Factory  
  24  2:38  SCV  
  24  2:53  Command Center  
  24  2:55  SCV  
  25  3:00  Barracks Reactor  
  25  3:07  SCV  
  25  3:09  Refinery  
  26  3:13  Factory Tech Lab  
  26  3:18  Marine  
  26  3:19  SCV  
  28  3:26  SCV  
  29  3:31  SCV  
  30  3:38  SCV  
  31  3:43  Supply Depot  
  30  3:49  Siege Tank  
  30  3:51  Barracks Tech Lab, Marine x2  
  35  3:59  Orbital Command  
  35  4:07  SCV  
  35  4:08  Engineering Bay  
  36  4:13  Refinery  
  36  4:16  Marine, Marauder  
  39  4:18  Marine  
  40  4:26  Orbital Command  
  40  4:28  SCV  
  40  4:29  SCV  
  42  4:37  Marauder  
  39  4:54  Marine x2  
  39  4:57  SCV x2  
  39  4:58  Marauder  
  45  5:01  SCV  
  45  5:05  Siege Tank  
  49  5:10  SCV  
  49  5:12  Marine x2  
  52  5:15  Starport  
  52  5:16  Stimpack  
  52  5:17  SCV x2  
  54  5:23  Marauder  
  54  5:28  SCV  
  57  5:29  SCV  
  57  5:30  Marine x2  
  57  5:32  Supply Depot  
  60  5:41  Siege Tank  
  62  5:46  Missile Turret  
  62  5:47  SCV  
  62  5:49  Missile Turret  
  63  5:51  Missile Turret  
  63  5:54  Marine x2  
  63  5:55  Supply Depot  
  58  6:16  SCV, Marine x2  
  58  6:17  SCV  
  55  6:19  Viking, Marauder  
  55  6:20  Siege Tank  
  58  6:26  SCV  
  58  6:28  SCV  
  58  6:32  SCV  
  56  6:33  Marine  
  56  6:34  Marine  
  56  6:43  Marauder  
  51  6:51  Marine  
  51  6:52  SCV x2  
  51  6:54  Supply Depot  
  51  6:58  Marine  
  51  7:01  Viking  
  48  7:07  Siege Tank, Marauder  
  51  7:20  Barracks Reactor, Combat Shields  
  51  7:22  SCV x2  
  52  7:24  SCV  
  52  7:29  Refinery  
  55  7:30  Marauder  
  55  7:34  SCV x2  
  57  7:38  Missile Turret  
  57  7:40  SCV  
  58  7:46  SCV  
  61  7:51  Marauder  
  58  8:01  SCV x2  
  59  8:07  Orbital Command  
  59  8:10  Supply Depot  
  54  8:14  Marine  
  54  8:15  Marine  
  54  8:16  Starport Reactor, Siege Tank, Marauder  
  54  8:17  SCV x2  
  63  8:24  Barracks  
  63  8:26  Barracks  
  63  8:29  SCV x2  
  65  8:41  SCV  
  65  8:47  Marine x3  
  67  8:53  SCV  
  68  9:01  Missile Turret  
  68  9:02  SCV  
  69  9:03  Starport  
  69  9:05  Marauder, Marine  
  69  9:06  Viking  
  74  9:11  Widow Mine  
  74  9:14  Medivac  
  79  9:17  SCV x2  
  79  9:27  Marauder  
  79  9:30  Barracks Reactor, Barracks Tech Lab  
  77  9:33  Marine x2  
  77  9:34  Barracks Reactor, SCV  
  78  9:40  Widow Mine  
  72  10:00  Marauder, Marine x2  
  72  10:01  Concussive Shells  
  72  10:04  Medivac  
  72  10:05  Viking  
  72  10:06  Viking  
  82  10:10  SCV x2  
  84  10:18  Missile Turret  
  84  10:20  SCV  
  84  10:21  Engineering Bay  
  85  10:23  Armory  
  85  10:33  Command Center  
  85  10:41  SCV x2  
  85  11:00  SCV, Supply Depot x2  
  85  11:02  SCV, Marine x2  
  85  11:03  SCV  
  73  11:07  Marine x3  
  74  11:12  SCV, Marine x2  
  74  11:15  SCV x2  
Show
View Real Time Build Order
Export as new Build Order

LilDicky Terran - Winner!

Build Orders: Command Center First (CC), Hellion Banshee 

Get SALT Encoding   

  12  0:02  SCV  
  13  0:14  SCV  
  13  0:19  Supply Depot  
  14  0:26  SCV  
  15  0:40  SCV  
  16  0:52  SCV  
  17  1:02  Command Center  
  17  1:05  SCV  
  18  1:15  Barracks  
  18  1:18  SCV  
  19  1:33  Refinery  
  19  1:34  SCV, Refinery  
  20  1:47  SCV  
  22  2:01  SCV  
  22  2:02  Marine  
  22  2:05  Supply Depot  
  23  2:19  Orbital Command  
  23  2:21  Orbital Command  
  23  2:26  Factory  
  23  2:34  Barracks Reactor  
  22  2:46  SCV  
  22  2:48  SCV  
  24  2:58  SCV  
  25  3:01  SCV  
  26  3:10  SCV  
  27  3:15  Starport  
  27  3:18  SCV  
  28  3:20  Hellion  
  28  3:21  Hellion  
  28  3:22  SCV, Barracks Tech Lab  
  33  3:30  SCV  
  34  3:34  SCV  
  35  3:42  SCV  
  35  3:46  SCV  
  37  3:50  Hellion x2  
  41  4:02  Cloaking Field  
  41  4:03  Banshee  
  41  4:09  SCV  
  45  4:14  Supply Depot  
  45  4:17  SCV  
  45  4:20  Hellion x2  
  45  4:22  SCV, Supply Depot  
  51  4:30  Supply Depot  
  51  4:41  Hellion x2  
  51  4:49  Banshee  
  50  5:00  SCV  
  50  5:01  SCV  
  50  5:02  Hellion x2  
  56  5:09  Refinery  
  56  5:10  Refinery  
  56  5:12  Supply Depot, SCV  
  57  5:14  Supply Depot  
  57  5:17  Factory  
  57  5:18  Factory  
  57  5:20  Command Center  
  57  5:21  SCV  
  57  5:24  Hellion x2  
  62  5:35  SCV x2  
  64  5:42  Banshee  
  67  5:45  Hellion x2  
  67  5:47  SCV  
  72  5:50  Armory  
  72  5:53  SCV  
  72  5:54  Armory  
  73  5:59  SCV  
  64  6:18  Hellion  
  64  6:19  Hellion x3  
  66  6:44  Hellion x3  
  66  6:45  Hellion  
  71  7:06  Hellion  
  65  7:18  Banshee  
  65  7:21  Factory Tech Lab  
  65  7:22  Factory Tech Lab  
  68  7:27  Terran Vehicle Weapons Level 1  
  68  7:28  Factory  
  68  7:29  Factory  
  68  7:31  Factory  
  68  7:33  Orbital Command  
  68  7:39  SCV x2  
  68  7:42  Command Center  
  70  7:45  Terran Vehicle And Ship Armor Level 1  
  70  7:49  Supply Depot x2  
  70  7:50  Supply Depot  
  71  7:51  SCV x2  
  65  8:03  SCV x2  
  57  8:14  Hellion x3  
  57  8:15  SCV, Hellion x4  
  57  8:16  Banshee  
  57  8:17  SCV x2  
  57  8:19  Infernal Pre-Igniter  
  75  8:27  SCV  
  75  8:31  Engineering Bay  
  75  8:34  SCV x2  
  78  8:35  Widow Mine x2  
  78  8:39  SCV  
  83  8:46  SCV x2  
  82  8:50  Factory Reactor x2  
  82  8:51  SCV  
  82  8:53  Factory Reactor, Widow Mine x2  
  87  8:56  Orbital Command  
  87  8:59  Banshee  
  90  9:20  Hellion x2  
  92  9:26  Refinery  
  92  9:27  Refinery  
  78  9:45  Command Center  
  74  9:46  Banshee  
  74  9:47  Widow Mine x3  
  74  9:48  Widow Mine x7  
  97  9:53  Command Center  
  94  10:13  Refinery x2  
  94  10:16  Thor x2  
  106  10:26  Hellion x4  
  106  10:27  Hellion x4  
  122  10:29  SCV x3  
  122  10:30  SCV  
  126  10:41  SCV x3  
  129  10:47  Hellion x3  
  129  10:48  Hellion x2  
  137  10:59  Refinery  
  132  11:08  Refinery  
Tags
 
Add a new tag
Caveats
  • Supply blocks, unpowered buildings, or Contaminate may cause inaccurate times.
  • Supply counts are checked every 10 seconds.